 Dungeon Crawl Stone Soup version 0.29.1-15-g9cfb28693d (webtiles) character file.

Game seed: 4188331547269594319

93 KittyFluff the Cudgeller (level 4, -3/43 HPs)
             Began as a Gargoyle Berserker on Apr 9, 2023.
             Was a Believer of Trog.
             Killed by divine providence
             ... invoked by an orc priest
              (10 damage)
             ... on level 3 of the Dungeon.
             The game lasted 00:10:02 (2289 turns).

KittyFluff the Cudgeller (Gargoyle Berserker)       Turns: 2289, Time: 00:10:03

Health: -3/43      AC:  7    Str: 31    XL:     4   Next: 61%
Magic:  4/4        EV: 12    Int:  8    God:    Trog [**....]
Gold:   135        SH:  0    Dex: 11    Spells: 3/3 levels left

rFire   x . .      SeeInvis .   a - +0 mace
rCold   . . .      Faith    .   (no shield)
rNeg    + . .      Spirit   .   o - +1 leather armour "Ucush" {rPois rF- Str+5}
rPois   ∞          Reflect  .   (no helmet)
rElec   +          Harm     .   (no cloak)
rCorr   .          Rampage  .   (no gloves)
Will    .....                   (no boots)
Stlth   ..........              (no amulet)
HPRegen 0.14/turn               q - +4 ring of slaying
MPRegen 0.09/turn               m - +6 ring of strength

@: berserking, very quick
A: sickness immunity, AC +3, negative energy resistance 1, electricity
resistance, torment resistance 1, petrification resistance
a: Renounce Religion, Berserk, Trog's Hand


You were on level 3 of the Dungeon.
You worshipped Trog.
Trog was pleased with you.
You visited 1 branch of the dungeon, and saw 3 of its levels.

You collected 135 gold pieces.

Inventory:

Hand Weapons
 a - a +0 mace (weapon)
 b - a +0 sling
Missiles
 d - 5 boomerangs (quivered)
 l - 23 stones
Armour
 i - a +0 leather armour
 o - the +1 leather armour "Ucush" (worn) {rPois rF- Str+5}
   (You found it on level 2 of the Dungeon)

   Str:       It affects your strength (+5).
   rF:        It makes you vulnerable to fire.
   rPois:     It protects you from poison.
Jewellery
 j - a +4 ring of evasion
 m - a +6 ring of strength (right hand)
 q - a +4 ring of slaying (left hand)
Scrolls
 c - a scroll of amnesia {unknown}
 e - 2 scrolls of vulnerability {unknown}
 f - a scroll of enchant weapon {unknown}
 g - 2 scrolls of teleportation {unknown}
 h - 2 scrolls of fog {unknown}
 k - 2 scrolls of magic mapping {unknown}
 n - a scroll of enchant armour {unknown}
Potions
 p - a potion of berserk rage {unknown}
 r - a potion of lignification {unknown}


   Skills:
 + Level 3.8 Fighting
 + Level 4.3 Maces & Flails
 * Level 2.8 Armour
 + Level 1.9 Dodging
 + Level 0.6 Stealth


You had 3 spell levels left.
You didn't know any spells.
Your spell library was empty.

Dungeon Overview and Level Annotations

Branches:
Dungeon (3/15)

Altars:
Qazlal

Shops:
D:3 !


Innate Abilities, Weirdness & Mutations

You are immune to sickness and miasma.
Your stone body is resilient. (AC +3)
You are immune to poison.
You resist negative energy. (rN+)
You are resistant to electric shocks. (rElec)
You are resistant to unholy torment.
You are immune to petrification.


Message History

The worm is heavily wounded.
The worm completely misses you.
You sock the worm!
You kill the worm!
Trog accepts your kill.
You see here a worm corpse.
A ball python comes into view.
The ball python hisses angrily.
You barely miss the ball python. The ball python closely misses you.
The ball python barely misses you.
You thump the ball python!
You kill the ball python!
Trog accepts your kill.
An orc comes into view.
It is wielding a +0 dagger of electrocution. 2 orc priests and 2 orcs come into view.
The orc priest shouts!
The orc shouts!
The orc priest shouts!
The orc shouts!
You sock the orc!
You kill the orc!
Trog accepts your kill.
You sock the orc priest!
The orc priest is severely wounded.
The orc priest hits you with a +0 club.
You hit the orc priest.
The orc priest is almost dead.
The orc priest hits you but does no damage.
You barely miss the orc priest.
The orc priest is almost dead.
The orc priest mumbles some strange prayers to Beogh against you.
Pain shoots through your body!
The orc priest mumbles some strange prayers to Beogh against you.
Beogh smites you!
* * * LOW HITPOINT WARNING * * *
A red film seems to cover your vision as you go berserk!
You feel yourself moving faster!
You feel mighty!
You sock the orc!
You kill the orc!
Trog accepts your kill.
The orc priest invokes the aid of Beogh against you.
Beogh smites you!
You die...

.........##.......:....#
.....:...##............###
.........##..............#
.........##..............#
.........##..............#
...[.....#######.........#
.........# #.........#
.........# #.#########
'######### #@# .# #o# .#
#o....o.. .# ##o.o.o.. ##
....... ....... .......
....... ..#....


You could see 2 orc priests and an orc.

Vanquished Creatures
  3 gnolls (D:2)
  An adder (D:2)
  3 worms
  A dart slug (D:1)
  2 orcs (D:3)
  4 ball pythons
  5 bats
  4 endoplasms
  2 giant cockroaches
  2 goblins (D:2)
  4 hobgoblins
  3 quokkas
  5 frilled lizards
  4 rats
43 creatures vanquished.

Notes
Turn   | Place    | Note
-------+----------+-------------------------------------------
     0 | D:1      | KittyFluff the Gargoyle Berserker began the quest for the
                  | Orb.
     0 | D:1      | Reached XP level 1. HP: 14/14 MP: 1/1
   369 | D:1      | Reached XP level 2. HP: 19/19 MP: 2/2
   539 | D:1      | Found a faded altar of an unknown god.
  1021 | D:2      | Reached XP level 3. HP: 21/23 MP: 3/3
  1410 | D:2      | Reached skill level 4 in Maces & Flails
  1416 | D:2      | Reached XP level 4. HP: 9/29 MP: 4/4
  1634 | D:2      | Identified the +1 leather armour "Ucush" {rPois rF- Str+5}
  1776 | D:2      | Found a stormy altar of Qazlal.
  1796 | D:2      | Reached ** piety under Trog
  1941 | D:3      | Found Jemiamp's Distillery.
  2289 | D:3      | Killed from afar by an orc priest

Illustrated notes

Levels and vault maps discovered:
D:1:      dpeg_arrival_brainrot, layout_loops_ring, basic_ecumenical_altar
D:2:      layout_basic, basic_altar
D:3:      layout_basic, serial_shops, shop, shop, shop

Skill      XL: |  1  2  3 |
---------------+----------+-----
Maces & Flails | 4 |  4.3
Fighting       | |  3.8
Armour         | |  2.8
Dodging        | |  1.9
Stealth        | |  0.6

Action                   |  1- 3 |  4- 6 || total
-------------------------+-------+-------++-------
Melee: Mace              |    76 |    39 ||   115
       Punch             |     1 |       ||     1
Invok: Berserk           |       |     1 ||     1
Armor: Animal skin       |     5 |       ||     5
       Leather armour    |    15 |     5 ||    20
Dodge: Dodged            |    50 |    18 ||    68
